 Dungeon Crawl Stone Soup version 0.28-a0-834-g1a73be5ee4 (webtiles) character file.

Game seed: 1968625096159801990

547 siradein the Poker (level 7, 0/54 HPs)
             Began as a Merfolk Gladiator on Nov 11, 2021.
             Killed from afar by an orc wizard (3 damage)
             ... with a magic dart
             ... on level 4 of the Dungeon.
             The game lasted 00:09:09 (4838 turns).

siradein the Poker (Merfolk Gladiator)              Turns: 4838, Time: 00:09:10

Health: 0/54       AC: 11    Str: 15    XL:     7   Next: 28%
Magic:  7/7        EV: 19    Int:  7    God:
Gold:   213        SH:  0    Dex: 17    Spells: 6/6 levels left

rFire   . . .      SeeInvis .   a - +0 trident
rCold   . . .      Faith    .   (no shield)
rNeg    . . .      Spirit   .   b - +0 leather armour
rPois   +          Reflect  .   k - +2 helmet
rElec   .          Harm     .   r - +0 cloak
rCorr   .          Rampage  +   l - +0 pair of gloves
Will    .....                   m - +2 pair of boots {rampage}
Stlth   +.........              h - amulet of the acrobat
HPRegen 0.18/turn               n - ring of poison resistance
MPRegen 0.10/turn               w - +4 ring of evasion

@: no status effects
A: (nimble swimmer 2), mertail
a: no special abilities


You were on level 4 of the Dungeon.
You visited 1 branch of the dungeon, and saw 5 of its levels.

You collected 213 gold pieces.

Inventory:

Hand Weapons
 a - a +0 trident (weapon)
Missiles
 d - 3 throwing nets
 g - 102 stones (quivered)
 t - 5 boomerangs
Armour
 b - a +0 leather armour (worn)
 k - a +2 helmet (worn)
 l - a +0 pair of gloves (worn)
 m - a +2 pair of boots of rampaging (worn)
 r - a +0 cloak (worn)
Jewellery
 h - an amulet of the acrobat (around neck)
 n - a ring of poison resistance (left hand)
 w - a +4 ring of evasion (right hand)
Scrolls
 c - a scroll of vulnerability
 i - a scroll of noise
 j - 5 scrolls of teleportation {unknown}
 q - 3 scrolls of fog {unknown}
 s - a scroll of identify {unknown}
 u - a scroll of holy word {unknown}
 v - a scroll of magic mapping {unknown}
Potions
 e - a potion of curing


   Skills:
 + Level 4.2 Fighting
 + Level 6.5 Polearms
 + Level 3.8 Throwing
 + Level 2.0 Armour
 + Level 6.0 Dodging


You had 6 spell levels left.
You didn't know any spells.
Your spell library was empty.

Dungeon Overview and Level Annotations

Branches:
Dungeon (5/15)
 Temple: D:4-7

Altars:

Shops:
D:2 *

Annotations:
D:5 croobank's ghost, weakling FeEn


Innate Abilities, Weirdness & Mutations

((You are quick and stealthy near water. (Stealth+, EV+, Speed+++)))
Your lower body shifts to a powerful aquatic tail in water.


Message History

An orc and 2 orc wizards come into view.
Found 19 stones.
The orc wizard shouts!
The orc shouts!
The vampire mosquito misses you.
The orc wizard moves out of view.
An orc comes into view. It is wielding a +0 dagger.
The orc shouts!
You hear a shout!
You hear a bark!
The orc wizard gestures wildly while chanting.
The orc wizard flickers and vanishes!
Deactivating autopickup; reactivate with Ctrl-A.
The sky beast flickers out of sight!
The vampire mosquito completely misses you.
The vampire mosquito completely misses you.
The orc completely misses you.
The vampire mosquito completely misses you.
There is a stone staircase leading up here.
The vampire mosquito completely misses you.
The vampire mosquito closely misses you.
Something misses you.
You climb upwards.
Reactivating autopickup.
There is a stone staircase leading down here.
Deactivating autopickup; reactivate with Ctrl-A.
You hit something but do no damage.
The vampire mosquito bites you but does no damage.
Something closely misses you. The vampire mosquito barely misses you.
You hit something. The vampire mosquito bites you!
* * * LOW HITPOINT WARNING * * *
The vampire mosquito draws strength from your injuries!
Something hits you.
* * * LOW HITPOINT WARNING * * *
The vampire mosquito closely misses you.
You miss something. The vampire mosquito barely misses you.
Something hits you but does no damage.
The vampire mosquito bites you but does no damage.
You closely miss something.
The vampire mosquito closely misses you.
You hear some strange, mumbled words.
A magic dart appears from out of thin air!
The magic dart hits you.
You die...

### #....# #
####.# # #.# #
#.# ## #.# .#
#.# .## #.#
..########## #{#
...........#
###@#
..########.#
#..y# ### #.#
#.### # #.# #.#
#.# #.# #(# #.#
##########.###.#
...............#
.#########.#####


You could see a vampire mosquito.

Vanquished Creatures
  2 ogres (D:4)
  A phantom (D:4)
  A bullfrog zombie (D:4)
  A centaur skeleton (D:4)
  A hound skeleton (D:4)
  Robin (D:3)
  4 gnolls
  4 adders
  4 river rats (D:3)
  2 ufetubi (D:4)
  2 worms (D:2)
  5 dart slugs
  An orc (D:4)
  4 endoplasms
  2 giant cockroaches (D:3)
  11 goblins
  12 hobgoblins
  5 quokkas
  7 ball pythons
  7 bats
  4 frilled lizards (D:1)
  7 kobolds
  5 rats
93 creatures vanquished.

Notes
Turn   | Place    | Note
-------+----------+-------------------------------------------
     0 | D:1      | siradein the Merfolk Gladiator began the quest for the Orb.
     0 | D:1      | Reached XP level 1. HP: 16/16 MP: 1/1
   310 | D:1      | Reached XP level 2. HP: 23/23 MP: 2/2
  1210 | D:2      | Reached XP level 3. HP: 28/28 MP: 3/3
  1290 | D:2      | Reached skill level 5 in Polearms
  1652 | D:2      | Found Ujyargh's Assorted Antiques.
  1703 | D:2      | Reached XP level 4. HP: 33/34 MP: 4/4
  2111 | D:3      | Noticed Robin
  2428 | D:3      | Killed Robin
  2678 | D:3      | Reached XP level 5. HP: 39/41 MP: 5/5
  2681 | D:3      | Reached skill level 1 in Armour
  2696 | D:3      | Reached skill level 5 in Dodging
  3591 | D:4      | Noticed a phantom
  3608 | D:4      | Killed a phantom
  3609 | D:4      | Reached XP level 6. HP: 30/47 MP: 6/6
  4225 | D:3      | Reached XP level 7. HP: 35/54 MP: 7/7
  4584 | D:5      | Entered Level 5 of the Dungeon
  4766 | D:5      | Noticed a vampire mosquito
  4816 | D:5      | Noticed croobank's ghost (weakling FeEn)
  4838 | D:4      | Killed from afar by an orc wizard

Illustrated notes

Levels and vault maps discovered:
D:1:      dpeg_arrival_oval, layout_loops_corners
D:2:      layout_loops_corners, serial_shops, nicolae_shop_trees,
          due_unseen_surprise
D:3:      layout_loops_cross, gup_sewer_entry_bubbles, serial_bayou_crossing,
          uniq_robin
D:4:      layout_loops_ring
D:5:      gammafunk_cloud_chamber, layout_loops_ring, gammafunk_ghost_icy,
          minmay_manual_mail

Skill      XL: |  1  2  3  4  5  6  7 |
---------------+----------------------+-----
Polearms       | 5 6 |  6.5
Fighting       | 3 4 |  4.2
Armour         | 1 2 |  2.0
Dodging        | 5 6 |  6.0
Throwing       | 3 |  3.8

Action                   |  1- 3 |  4- 6 |  7- 9 || total
-------------------------+-------+-------+-------++-------
Melee: Trident           |    99 |   258 |    36 ||   393
       Tailslap          |       |     5 |       ||     5
Throw: Stone             |       |     4 |       ||     4
  Use: Scroll            |       |       |     4 ||     4
       Potion            |       |       |     1 ||     1
 Stab: Sleeping          |     3 |     7 |     1 ||    11
Armor: Leather armour    |    20 |    89 |    13 ||   122
Dodge: Dodged            |    38 |   200 |    90 ||   328

Table legend: (Time is in decaauts)
 A = Elapsed time spent in this place.
 B = Non-inter-level travel time spent in this place.
 C = Inter-level travel time spent in this place.
 D = Time resting spent in this place.
 E = Time spent auto-exploring this place.
 F = Levels seen in this place.
 G = Mean time per level.
                   A        B        C        D        E       F      G
               +--------+--------+--------+--------+--------+-----+--------+
         Total |   4828 |   4678 |    150 |    572 |   3093 |   5 |  965.6 |
       Dungeon |   4828 |   4678 |    150 |    572 |   3093 |   5 |  965.6 |
               +--------+--------+--------+--------+--------+-----+--------+

Top non-repeatable levels by time:
     D:2: 1192 daAuts
     D:3: 1178 daAuts
     D:1: 1148 daAuts
     D:4: 1060 daAuts
     D:5: 249 daAuts
